 Dungeon Crawl Stone Soup version 0.21.1-1-g345015f (webtiles) character file.

252 Lokkij the Bolt Thrower (level 5, -5/46 HPs)
             Began as a Centaur Hunter on June 23, 2018.
             Slain by an ogre
             ... wielding a cursed -1 giant club
              (24 damage)
             ... on level 4 of the Dungeon.
             The game lasted 00:08:41 (2382 turns).

Lokkij the Bolt Thrower (Centaur Hunter)            Turns: 2382, Time: 00:08:42

Health: -5/46      AC:  5    Str: 20    XL:     5   Next: 89%
Magic:  5/5        EV:  9    Int: 10    God:
Gold:   208        SH:  0    Dex: 10    Spells: 4/4 levels left

rFire    . . .     SeeInvis .   a - +1 hand crossbow
rCold    . . .     Gourm    .   (no shield)
rNeg     + . .     Faith    .   c - +0 leather armour
rPois    .         Spirit   .   m - +0 helmet
rElec    .         Reflect  .   (no cloak)
rCorr    .         Harm     .   (no gloves)
MR       .....                  (no barding)
Stlth    +.........             o - amulet of regeneration
HPRegen  0.55/turn              n - ring of positive energy
MPRegen  0.09/turn              (no ring)

@: confused, mighty, flying, very quick
A: large, hooves 3, deformed body, speed 2, tough skin 3
a: no special abilities


You were on level 4 of the Dungeon.
You were not hungry.

You visited 1 branch of the dungeon, and saw 4 of its levels.

You collected 208 gold pieces.

Inventory:

Hand Weapons
 a - a +1 hand crossbow (weapon)
 b - a +2 dagger of venom
Missiles
 d - 27 bolts (quivered)
Armour
 c - a +0 leather armour (worn)
 m - a +0 helmet (worn)
Jewellery
 n - a ring of positive energy (left hand)
 o - an amulet of regeneration (around neck)
Wands
 i - a wand of random effects (32)
Scrolls
 e - 2 scrolls of magic mapping {unknown}
 l - 3 scrolls of remove curse {unknown}
 r - a scroll of fog {unknown}
 t - a scroll of noise {unknown}
 w - a scroll of identify {unknown}
Potions
 h - 4 potions of agility
 j - 2 potions of curing
 k - a potion of heal wounds {unknown}
 q - a potion of berserk rage {unknown}
 s - a potion of lignification {unknown}
Comestibles
 f - 8 rations


   Skills:
 + Level 3.7 Fighting
 * Level 6.8 Crossbows
 - Level 1.3 Dodging
 - Level 1.0 Stealth


You had 4 spell levels left.
You didn't know any spells.

Dungeon Overview and Level Annotations

Branches:
Dungeon (4/15)
 Temple: D:4-7

Altars:
Hepliaklqana
Kikubaaqudgha
Trog


Innate Abilities, Weirdness & Mutations

You have hooves in place of feet.
Armour fits poorly on your strangely shaped body.
You cover ground very quickly.
You have extremely tough skin. (AC +3)


Message History

Press: ? - help, Shift-Dir - straight line, f/p - ogre
Aim: an ogre, wielding a giant club (severely wounded)
You shoot a bolt. The bolt completely misses the ogre.
Found a ring mail. 2 adders come into view.
The adder hisses angrily. x2
An orc comes into view. It is wielding a flail.
The orc shouts!
Okay, then.
It was a potion of ambrosia.
You are confused.
You feel invigorated. The adder bites you but does no damage.
It was a potion of might.
You feel very mighty all of a sudden. The adder bites you but does no damage.
The adder barely misses you.
It was a potion of flight.
You feel very buoyant.
You fly up into the air.
The ogre hits you with a giant club!!
Ouch! That really hurt!
You die...

####...####
### #8...8#
##(..## ##
#...# ...
##...## ....
#8...8# .....
##..z##S.....
#.OzS.......
###@#####[..
#.# #.# #o#
#.# #.# ...
###


You could see an ogre, 2 wights, 2 adders and an orc.

Vanquished Creatures
  The ghost of diana the Cutter, a weakling DsGl (D:3)
  Natasha (thrice) (D:2)
  Robin (D:3)
  4 adders
  2 oozes
  A worm (D:2)
  3 dart slugs (D:1)
  3 leopard geckos (D:2)
  7 bats
  A giant cockroach (D:1)
  15 goblins
  7 hobgoblins
  4 jackals
  3 kobolds
  A quokka (D:2)
  4 frilled lizards
  9 rats
69 creatures vanquished.

Notes
Turn   | Place    | Note
-------+----------+-------------------------------------------
     0 | D:1      | Lokkij the Centaur Hunter began the quest for the Orb.
     0 | D:1      | Reached XP level 1. HP: 17/17 MP: 1/1
   102 | D:1      | Reached XP level 2. HP: 23/24 MP: 2/2
   235 | D:1      | Reached skill level 1 in Stealth
   299 | D:1      | Reached skill level 5 in Crossbows
   334 | D:1      | Reached XP level 3. HP: 21/30 MP: 3/3
  1047 | D:2      | Noticed Natasha
  1056 | D:2      | Killed Natasha
  1056 | D:2      | Reached XP level 4. HP: 30/37 MP: 4/4
  1170 | D:2      | Noticed Natasha
  1184 | D:2      | Killed Natasha
  1220 | D:2      | Reached skill level 6 in Crossbows
  1290 | D:2      | Noticed Natasha
  1302 | D:2      | Killed Natasha
  1302 | D:2      | Reached XP level 5. HP: 26/45 MP: 5/5
  1730 | D:3      | Found an ancient bone altar of Kikubaaqudgha.
  1777 | D:3      | Found a bloodstained altar of Trog.
  1810 | D:3      | Found a hazy altar of Hepliaklqana.
  1888 | D:3      | Noticed diana's ghost (weakling DsGl)
  1895 | D:3      | Killed diana's ghost
  1901 | D:3      | Noticed Robin
  1927 | D:3      | Killed Robin
  2360 | D:4      | Noticed an ogre
  2382 | D:4      | Slain by an ogre

Skill      XL: |  1  2  3  4 |
---------------+-------------+-----
Stealth        | 1 |  1.0
Crossbows      | 5 6 |  6.8
Fighting       | 3 |  3.7
Dodging        | |  1.3

Action                   |  1- 3 |  4- 6 || total
-------------------------+-------+-------++-------
Melee: Short sword       |    61 |       ||    61
       Kick              |    13 |    21 ||    34
       Dagger            |    20 |    89 ||   109
 Fire: Hand crossbow     |    10 |    28 ||    38
  Use: Potion            |       |     5 ||     5
       Scroll            |       |     1 ||     1
  Eat: Chunk             |       |     3 ||     3
Armor: Leather armour    |    58 |    37 ||    95
Dodge: Dodged            |    55 |    35 ||    90
